[Event "ARM-ch Club 2018"]
[Site "Yerevan"]
[Date "2018.06.09"]
[Round "2"]
[White "Danielyan, Vahe"]
[Black "Hakobyan, Romik"]
[Result "1-0"]
[ECO "C46"]
[WhiteElo "2387"]
[BlackElo "2062"]
[Annotator "NA"]
[PlyCount "79"]
[EventDate "2018.??.??"]
[EventCountry "ARM"]
[SourceTitle "playchess.com"]
[Source "ChessBase"]
[SourceQuality "1"]
[TimeControl "5400+30"]

1. e4 e5 2. Nf3 Nc6 3. Nc3 g6 4. h4 {[%emt 0:00:32] C46: 3 Nc3: Unusual Black 3rd moves} (4. d4 exd4 5. Nxd4 Bg7 6. Be3 Nge7 7. Qd2 O-O 8. O-O-O d6 9. h4 h5 10. f3 Ne5 11. Bh6 b5 12. Bxg7 Kxg7 13. Bxb5 Rb8 14. g4 hxg4 15. h5 Rh8 16. f4 {1-0 (36) Kobalia,M (2651)-Mamedyarov,S (2753) Khanty-Mansiysk 2013}) 4... Nf6 5. Bc4 Bg7 6. Ng5 O-O 7. h5 Na5 $146 ({Predecessor:} 7... d5 8. exd5 Na5 9. Be2 Nxd5 10. hxg6 hxg6 11. d3 Nf4 12. Bxf4 exf4 {0-1 (32) Copley,J-McMillan,N England 1994}) 8. hxg6 Nxc4 9. gxf7+ Rxf7 10. Nxf7 Kxf7 11. d3 Nb6 12. Bg5 Kg8 13. f4 exf4 14. Qd2 d6 (14... Qe8 $1 $11) 15. O-O-O Qe8 16. Qxf4 Qg6 17. Rdf1 Ng4 $1 18. a4 Be6 19. a5 Nd7 20. Nd5 Bxd5 21. exd5 Nde5 22. Qd2 Rf8 23. Rxf8+ Bxf8 24. Kb1 Qf5 25. Bd8 Qd7 26. Bh4 Bg7 27. Qb4 b6 28. a6 Ng6 29. Bg5 Nf6 30. Qc4 Ng4 31. Re1 N4e5 32. Qe4 c5 33. dxc6 $1 Qxc6 34. Qxc6 Nxc6 {[%emt 0:00:05] [#]} 35. Re8+ $1 Kf7 $18 {[%emt 0:00:30] [#]} 36. Rc8 $1 Nge5 37. c3 Na5 38. b4 Nac6 39. d4 Kg6 40. dxe5 1-0

[Event "ARM-ch Club 2018"]
[Site "Yerevan"]
[Date "2018.06.09"]
[Round "2"]
[White "Khojayan, Vardan"]
[Black "Bakunts, Rafael"]
[Result "0-1"]
[ECO "D11"]
[WhiteElo "2253"]
[BlackElo "2395"]
[Annotator "NA"]
[PlyCount "88"]
[EventDate "2018.??.??"]
[EventCountry "ARM"]
[SourceTitle "playchess.com"]
[Source "ChessBase"]
[SourceQuality "1"]
[TimeControl "5400+30"]

1. d4 d5 2. Nf3 Nf6 3. c4 c6 4. e3 e6 5. Bd3 dxc4 6. Bxc4 Nbd7 7. O-O Bd6 8. Re1 O-O 9. e4 e5 10. Bg5 Qe7 11. Nc3 Re8 12. d5 {[%emt 0:07:30] D46: Semi-Slav: 5 e3 Nbd7 6 Bd3, Black avoids the Meran} h6 13. Bh4 Nb6 14. Bb3 Bg4 (14... cxd5 15. exd5 Bf5 16. Nb5 Nbd7 17. Rc1 Nc5 18. Nfd4 Bg6 19. Bc2 e4 {1-0 (45) Schenk,A (2497)-Schwalfenberg,J (2335) Germany 2006}) 15. h3 Bh5 $146 ({Predecessor:} 15... Bd7 16. Rc1 Rac8 17. Qe2 Bb4 18. Red1 Bd6 19. Qd2 cxd5 20. Bxd5 {½-½ (31) Szabo,P (1990)-Misetane Burjan,A Hungary 2010}) 16. dxc6 bxc6 17. g4 Bg6 18. Bg3 Nbd7 19. Nh4 Bh7 20. Nf5 Bxf5 21. exf5 Nc5 22. h4 Nxb3 23. axb3 Nd5 24. Nxd5 cxd5 25. Qxd5 Rad8 26. Qe4 Bb4 27. Red1 a5 28. Rac1 Bd2 29. Rc4 Bf4 30. Rxd8 Qxd8 31. Kg2 Bxg3 32. Kxg3 Qd1 33. Rc3 Rd8 $11 34. Qf3 Qg1+ 35. Qg2 Qb1 36. Qc6 e4 37. Qb6 Qg1+ 38. Kf4 Qh2+ 39. Rg3 Qxh4 40. Kxe4 Re8+ 41. Kf3 Qh1+ 42. Rg2 h5 43. Qd4 h4 44. Qd7 Rf8 0-1